 Dungeon Crawl Stone Soup version 0.27-a0-1290-g15d3ce7508 (webtiles) character file.

Game seed: 7714263839870703105

27 Delamore the Skirmisher (level 3, -2/30 HPs)
             Began as a Formicid Fighter on June 15, 2021.
             Slain by an adder (4 damage)
             ... on level 2 of the Dungeon.
             The game lasted 00:00:55 (946 turns).

Delamore the Skirmisher (Formicid Fighter)           Turns: 946, Time: 00:00:55

Health: -2/30      AC:  6    Str: 21    XL:     3   Next: 25%
Magic:  3/3        EV:  8    Int:  7    God:
Gold:   40         SH: 10    Dex: 10    Spells: 2/2 levels left

rFire    . . .     SeeInvis +   a - +0 trident
rCold    . . .     Faith    .   c - +1 kite shield
rNeg     . . .     Spirit   .   b - +0 scale mail
rPois    .         Reflect  .   (helmet unavailable)
rElec    .         Harm     .   h - scarf {repulsion}
rCorr    .         Rampage  .   (no gloves)
Will     .....                  (no boots)
Stlth    ..........             (no amulet)
HPRegen  0.10/turn              (no ring)
MPRegen  0.08/turn              (no ring)

@: repel missiles
A: permanent stasis, dig shafts and tunnels, antennae 3, four strong arms
a: Dig, Shaft Self


You were on level 2 of the Dungeon.
You visited 1 branch of the dungeon, and saw 2 of its levels.

You collected 40 gold pieces.

Inventory:

Hand Weapons
 a - a +0 trident (weapon)
Armour
 b - a +0 scale mail (worn)
 c - a +1 kite shield (worn)
 h - a scarf of repulsion (worn)
Jewellery
 g - an amulet of faith
Potions
 d - a potion of might
 j - a potion of flight


   Skills:
 + Level 3.7 Fighting
 * Level 3.1 Polearms
 - Level 3.2 Armour
 - Level 3.6 Shields


You had 2 spell levels left.
You didn't know any spells.
Your spell library was empty.

Dungeon Overview and Level Annotations

Branches:
Dungeon (2/15)

Altars:


Innate Abilities, Weirdness & Mutations

You cannot be hasted, slowed, berserked, paralysed or teleported.
You can dig through walls and to a lower floor.
You have a pair of large antennae on your head. (SInv)
Your four strong arms can wield two-handed weapons with a shield.


Message History

You are too injured to fight recklessly!
You are too injured to fight recklessly!
You are too injured to fight recklessly!
You are too injured to fight recklessly!
You are too injured to fight recklessly!
You feel sick.
You are no longer poisoned.
You extend your mandibles.
You dig through the rock wall.
The adder bites you but does no damage.
You dig through the rock wall.
You dig through the rock wall.
The adder bites you.
You retract your mandibles.
The adder bites you but does no damage. You block the adder's attack.
The adder barely misses you. The adder closely misses you. The adder bites you.
You are poisoned.
The adder poisons you!
You feel sick.
You feel sick.
You feel sick. You block the adder's attack.
You feel sick.
You feel sick.
You are no longer poisoned.
There is an open door here.
The adder bites you.
* * * LOW HITPOINT WARNING * * *
It was a potion of magic.
Magic courses through your body. You block the adder's attack. x2
You closely miss the adder. You block the adder's attack. x2
You hit the adder.
The adder is heavily wounded.
You block the adder's attack.
You hit the adder.
The adder is heavily wounded.
The adder bites you.
* * * LOW HITPOINT WARNING * * *
The adder bites you.
You die...

#..........#
#..........+
##.........#
{ {
#.........#
######'#+##
#.# #.# #S#
#@# #.# #.#
########.#
#<.......#
##########


You could see an adder.

Vanquished Creatures
  A dart slug (D:1)
  A bat (D:1)
  An endoplasm (D:1)
  A goblin (D:1)
  2 hobgoblins (D:1)
  8 jackals (D:1)
  2 quokkas (D:1)
  2 frilled lizards (D:1)
  2 kobolds (D:1)
20 creatures vanquished.

Notes
Turn   | Place    | Note
-------+----------+-------------------------------------------
     0 | D:1      | Delamore the Formicid Fighter began the quest for the Orb.
     0 | D:1      | Reached XP level 1. HP: 18/18 MP: 1/1
   157 | D:1      | Reached XP level 2. HP: 22/24 MP: 2/2
   498 | D:1      | Reached XP level 3. HP: 28/29 MP: 3/3
   772 | D:1      | Found a faded altar of an unknown god.
   946 | D:2      | Slain by an adder

Illustrated notes

Levels and vault maps discovered:
D:1:      minmay_arrival_hallway, layout_basic,
          shapermc_ecumenical_altar_flowoftime
D:2:      layout_basic

Skill      XL: |  1  2  3 |
---------------+----------+-----
Polearms       | 3 |  3.1
Fighting       | |  3.7
Armour         | |  3.2
Shields        | |  3.6

Action                   || total
-------------------------++-------
Melee: Trident           ||    75
 Abil: Dig               ||     1
  Use: Scroll            ||     4
       Potion            ||     1
Armor: Scale mail        ||    26
Dodge: Dodged            ||    19
       Repelled          ||     1
Block: Kite shield       ||    46

Table legend: (Time is in decaauts)
 A = Elapsed time spent in this place.
 B = Non-inter-level travel time spent in this place.
 C = Inter-level travel time spent in this place.
 D = Time resting spent in this place.
 E = Time spent auto-exploring this place.
 F = Levels seen in this place.
 G = Mean time per level.
                   A        B        C        D        E       F      G
               +--------+--------+--------+--------+--------+-----+--------+
         Total |    972 |    940 |     32 |      0 |    741 |   2 |  486.0 |
       Dungeon |    972 |    940 |     32 |      0 |    741 |   2 |  486.0 |
               +--------+--------+--------+--------+--------+-----+--------+

Top non-repeatable levels by time:
     D:1: 847 daAuts
     D:2: 124 daAuts
